AoeStats
← Ernst paul

Black Forest

506239302Analyzed
2v2 RM · 20d ago on Sep 12, 2026· 22m 54s· 4 players
Game mode
Random Map
Map size
Medium (4 player)
Population
200
Speed
Normal
Resources
Standard
Victory
Conquest
Starting age
Dark Age
Ending age
Imperial Age
RankedLock teamsTeams togetherTeam positionsShared explorationLock speedFull tech treeHidden civsTurbo modeCheats
Victory
Defeat
🇧🇪 Romans · Belgium
964
+16
🇧🇪 Britons · Belgium
859
+20
🇪🇸 Persians · Spain
949
-53
🇪🇸 Khmer · Spain
949
-53
Ernst paul
1:07 Loom
11:59 Feudal Age
12:32 Double-Bit Axe
15:11 Stone Mining
17:23 Castle Age
16:12 Fletching
16:23 Padded Archer Armor
16:58 Gold Mining
18:46 Horse Collar
20:18 Crossbowman
Vincent
2:29 Loom
11:46 Feudal Age
13:12 Wheelbarrow
13:42 Double-Bit Axe
13:40 Horse Collar
15:11 Gold Mining
20:39 Castle Age
18:35 Stone Mining
19:54 Scale Mail Armor
20:05 Forging
19:31 Man-at-Arms
21:03 Long Swordsman
22:52 Iron Casting
MRTN71
1:05 Loom
10:12 Feudal Age
19:24 Castle Age
Olecramlexa
10:37 Feudal Age
11:49 Wheelbarrow
13:06 Double-Bit Axe
16:08 Horse Collar
18:16 Loom
22:44 Castle Age
Connection lost

Rejoining the realm…

Still unreachable

The connection could not be restored.

Session expired

The server has moved on; the page needs a fresh start.